 Dungeon Crawl Stone Soup version 0.21.1-1-g345015f (webtiles) character file.

3191 tidbits the Reanimator (level 9, -10/66 HPs)
             Began as a Gnoll Necromancer on June 21, 2018.
             Mangled by sking99's ghost (34 damage)
             ... on level 8 of the Dungeon.
             The game lasted 00:26:24 (2599 turns).

tidbits the Reanimator (Gnoll Necromancer)          Turns: 2599, Time: 00:26:25

Health: -10/66     AC:  3    Str: 16    XL:     9   Next: 96%
Magic:  2/19       EV: 22    Int: 20    God:
Gold:   176        SH:  0    Dex: 21    Spells: 8/21 levels left

rFire    + . .     SeeInvis .   a - +2 dagger (venom)
rCold    . . .     Gourm    .   (no shield)
rNeg     . . .     Faith    .   d - +0 robe
rPois    .         Spirit   .   (no helmet)
rElec    .         Reflect  .   (no cloak)
rCorr    .         Harm     +   (no gloves)
MR       .....                  F - +0 pair of boots
Stlth    +++++.....             P - amulet of harm
HPRegen  1.21/turn              A - ring of flight
MPRegen  0.16/turn              L - ring of protection from fire

@: mighty, agile, regenerating
A: distributed training, fangs 1, wild magic 1, MP-powered wands, strong nose
a: Evoke Flight


You were on level 8 of the Dungeon.
You were not hungry.

You visited 1 branch of the dungeon, and saw 8 of its levels.
You also visited: Sewer and Ossuary.

You collected 272 gold pieces.
You spent 96 gold pieces at shops.

Inventory:

Hand Weapons
 a - a +2 dagger of venom (weapon)
   (You took it off a goblin on level 3 of the Dungeon)
 l - a +0 scythe
 n - a +0 dagger
 o - a +0 trident
 u - a +1 dagger of pain
   (You took it off an orc wizard on level 4 of the Dungeon)
 v - a +0 short sword of venom
   (You took it off a kobold in a sewer)
 y - a +0 war axe
 K - a +2 dagger of venom
   (You found it on level 7 of the Dungeon)
Missiles
 j - 15 sling bullets
 k - 124 arrows
 w - 8 tomahawks (quivered)
Armour
 d - a +0 robe (worn)
 m - a +1 ring mail of positive energy
   (You found it on level 1 of the Dungeon)
 z - a cursed +0 scale mail
 F - a +0 pair of boots (worn)
Jewellery
 A - a ring of flight (left hand)
   (You found it on level 4 of the Dungeon)
 L - a ring of protection from fire (right hand)
   (You found it on level 7 of the Dungeon)
 P - an amulet of harm (around neck)
   (You found it on level 8 of the Dungeon)
Wands
 r - a wand of iceblast (4)
 J - a wand of paralysis (2)
 N - a wand of flame (35)
Scrolls
 e - 2 scrolls of enchant armour {unknown}
 g - 4 scrolls of remove curse {unknown}
 h - 2 scrolls of amnesia {unknown}
 i - 2 scrolls of fear {unknown}
 q - 2 scrolls of teleportation
 t - 3 scrolls of fog {unknown}
 x - a scroll of immolation
 B - 2 scrolls of noise
 H - a scroll of vulnerability
 M - a scroll of enchant weapon {unknown}
 O - a scroll of torment {unknown}
 Q - a scroll of magic mapping
Potions
 f - 4 potions of curing
 s - 7 potions of flight
 C - a potion of lignification {unknown}
 D - 3 potions of agility
 E - a potion of cancellation {unknown}
 G - 3 potions of brilliance
 I - a potion of ambrosia {unknown}
Books
 b - a book of Necromancy

   Spells                             Type                      Level
   a - Pain                           Necromancy                   1
   b - Animate Skeleton               Necromancy                   1
   c - Vampiric Draining              Necromancy                   3
   d - Regeneration                   Charms/Necromancy            3
   e - Animate Dead                   Necromancy                   4
   f - Borgnjor's Vile Clutch         Necromancy/Earth             5
Comestibles
 c - 16 rations


   Skills:
 + Level 4.6 Fighting
 + Level 4.6 Short Blades
 + Level 4.6 Long Blades
 + Level 4.6 Axes
 + Level 4.6 Maces & Flails
 + Level 4.6 Polearms
 + Level 4.6 Staves
 + Level 4.6 Slings
 + Level 4.6 Bows
 + Level 4.6 Crossbows
 + Level 4.6 Throwing
 + Level 4.6 Armour
 + Level 6.6 Dodging
 + Level 6.3 Stealth
 + Level 4.6 Shields
 + Level 4.6 Unarmed Combat
 + Level 6.9 Spellcasting
 + Level 3.8 Conjurations
 + Level 3.8 Hexes
 + Level 3.8 Charms
 + Level 3.8 Summonings
 + Level 8.1 Necromancy
 + Level 3.8 Translocations
 + Level 3.8 Transmutations
 + Level 3.8 Fire Magic
 + Level 3.8 Ice Magic
 + Level 3.8 Air Magic
 + Level 3.8 Earth Magic
 + Level 3.8 Poison Magic
 + Level 5.1 Invocations
 + Level 4.6 Evocations


You had 8 spell levels left.
You knew the following spells:

 Your Spells              Type           Power        Failure   Level  Hunger
a - Pain                  Necr           ####         1%          1    None
d - Vampiric Draining     Necr           ######....   2%          3    #......
n - Animate Skeleton      Necr           N/A          1%          1    None
r - Regeneration          Chrm/Necr      #####.....   4%          3    #......
v - Borgnjor's Vile Clut  Necr/Erth      #####.....   30%         5    #####..


Dungeon Overview and Level Annotations

Branches:
Dungeon (8/15)
 Temple: D:4-7         Lair: D:8-11

Altars:
Fedhas
Gozag
Hepliaklqana
Ru
Trog
Uskayaw
Xom

Shops:
D:4 *

Annotations:
D:3 Ijyb; Iko's ghost, weakling DrTm
D:8 sking99's ghost, novice TrMo


Innate Abilities, Weirdness & Mutations

Your experience applies equally to all skills.
You have very sharp teeth.
Your uncanny sense of smell can sniff out nearby items.
Your spells are a little harder to cast, but a little more powerful.
You expend magic power (3 MP) to strengthen your wands.


Message History

Things that are here:
a dagger; a robe; an orc corpse
Found a lumpy purple potion.
You see here a lumpy purple potion.
D - 4 lumpy purple potions (gained 1)
A jelly and a player ghost come into view.
The jelly quivers.
The jelly moves out of view.
Casting: Pain
Confirm with . or Enter, or press ? or * to list all spells.
Aiming: Pain
Press: ? - help, Shift-Dir - straight line, f - jelly
Aim: a jelly (chance to defeat MR: 89%)
The jelly writhes in agony!
Unknown command.
Casting: Pain
Confirm with . or Enter, or press ? or * to list all spells.
Aiming: Pain
Press: ? - help, Shift-Dir - straight line, f/p - jelly
Aim: a jelly (severely wounded, chance to defeat MR: 89%)
The jelly writhes in agony!
You kill the jelly!
A two-headed ogre comes into view. It is wielding two giant clubs.
Evoke which item? (* to show all) (? for menu, Esc to quit)
Aiming: Paralyse
Press: ? - help, Shift-Dir - straight line, f - two-headed ogre
Aim: a two-headed ogre, wielding two giant clubs (chance to defeat MR: 50%)
The two-headed ogre suddenly stops moving!
The helpless two-headed ogre fails to defend itself.
You impale the two-headed ogre!!
The two-headed ogre looks as sick as possible!
You bite the two-headed ogre.
The two-headed ogre is almost dead.
You kill the two-headed ogre!
Your Invocations skill increases to level 5!
A hound comes into view.
Your iguana skeleton bites sking99's ghost but does no damage.
Sking99's ghost barely misses your iguana skeleton.
Found 2 potions of heal wounds.
Things that are here:
a giant club x2
Casting: Pain
Confirm with . or Enter, or press ? or * to list all spells.
Aiming: Pain
Press: ? - help, Shift-Dir - straight line, f - hound
Aim: a hound (hasn't noticed you, chance to defeat MR: 89%)
The hound writhes in agony!
The hound closely misses you.
Sking99's ghost hits your iguana skeleton!
You barely miss the hound.
The hound is lightly wounded.
The hound closely misses you.
Your iguana skeleton closely misses sking99's ghost.
You hit the hound.
The hound is poisoned.
The hound is moderately wounded.
The hound misses you.
Sking99's ghost says very slowly, "There's no hope."
Sking99's ghost completely misses your iguana skeleton.
You closely miss the hound.
The hound is heavily wounded.
The hound bites you.
Your iguana skeleton closely misses sking99's ghost.
Sking99's ghost hits your iguana skeleton!!
Your iguana skeleton is destroyed!
You hit the hound.
The hound is almost dead.
The hound barely misses you. The hound bites you.
You barely miss the hound. Your bite misses the hound.
The hound is almost dead.
The hound barely misses you.
You closely miss the hound.
The hound is almost dead.
The hound misses you.
You barely miss the hound. Your bite misses the hound.
The hound is almost dead.
You kill the hound!
You feel very mighty all of a sudden.
Wield which item (- for none, * to show all)? (? for menu, Esc to quit)
Okay, then.
It was a potion of agility.
You feel agile all of a sudden. Sking99's ghost hits you!!
Ouch! That really hurt!
* * * LOW HITPOINT WARNING * * *
Casting: Pain
Confirm with . or Enter, or press ? or * to list all spells.
Your skin crawls.
Sking99's ghost misses you.
Wield which item (- for none, * to show all)? (? for menu, Esc to quit)
Okay, then.
You puncture sking99's ghost!
You bite sking99's ghost, but do no damage.
Sking99's ghost is lightly damaged.
Sking99's ghost closely misses you.
You puncture sking99's ghost! You bite sking99's ghost.
Sking99's ghost is moderately damaged.
You puncture sking99's ghost! You punch sking99's ghost.
Your bite misses sking99's ghost.
Sking99's ghost is heavily damaged.
Sking99's ghost hits you!!
Ouch! That really hurt!
You die...

#.# #..# ##.# #..#
#.# ...###.W## #.#
.........# #.#
#.####...#######.####
#...................
######...#######..#
.........#######..#
#######........W@.# #
##.########.# # ...#
.# # #.### .# #. !# #
.# .# ## ## #.
#########.


You could see sking99's ghost.

Vanquished Creatures
  2 two-headed ogres (D:8)
  The ghost of tidbits the Charmwright, an amateur GnSk (D:4)
  Sigmund (D:2)
  A spriggan (D:7)
  A soldier ant (D:5)
  Duvessa (D:7)
  A centaur (D:7)
  3 big kobolds (Sewer)
  A bullfrog (D:3)
  Dowan (D:7)
  A scorpion (D:7)
  A howler monkey (D:4)
  3 hounds
  A centaur skeleton (D:4)
  An orc priest (D:4)
  A jelly (D:8)
  5 orc wizards
  Terence (D:2)
  2 iguanas
  5 worker ants
  2 mummies
  A howler monkey skeleton (D:8)
  4 adders
  3 gnolls (D:5)
  3 river rats
  A shadow imp (D:5)
  3 oozes
  An adder skeleton (D:7)
  2 worms
  A dart slug (D:1)
  4 leopard geckos
  9 orcs
  5 bats
  2 giant cockroaches
  3 goblins
  4 hobgoblins
  3 quokkas
  3 ball pythons (Sewer)
  5 frilled lizards
  5 hobgoblin zombies (Ossuary)
  A jackal zombie (D:6)
  6 kobolds
  6 kobold zombies (Ossuary)
  A leopard gecko zombie (D:5)
  4 orc zombies (Ossuary)
  A quokka zombie (D:5)
  12 rats
129 creatures vanquished.

Vanquished Creatures (collateral kills)
  2 orcs (D:7)
2 creatures vanquished.

Vanquished Creatures (others)
  An ooze (D:4)
  An orc (D:4)
2 creatures vanquished.

Grand Total: 133 creatures vanquished

Notes
Turn   | Place    | Note
-------+----------+-------------------------------------------
     0 | D:1      | tidbits the Gnoll Necromancer began the quest for the Orb.
     0 | D:1      | Reached XP level 1. HP: 13/13 MP: 6/6
   217 | D:1      | Reached XP level 2. HP: 14/19 MP: 5/7
   221 | D:1      | Learned a level 1 spell: Animate Skeleton
   380 | D:2      | Reached skill level 5 in Spellcasting
   380 | D:2      | Reached XP level 3. HP: 3/25 MP: 0/9
   385 | D:2      | Learned a level 3 spell: Regeneration
   389 | D:2      | Learned a level 3 spell: Vampiric Draining
   506 | D:2      | Reached skill level 1 in Invocations
   533 | D:2      | Found a blossoming altar of Fedhas.
   563 | D:2      | Noticed Terence
   565 | D:2      | Noticed Sigmund
   573 | D:2      | Killed Terence
   573 | D:2      | Reached skill level 1 in Fighting
   573 | D:2      | Reached skill level 1 in Short Blades
   573 | D:2      | Reached skill level 1 in Long Blades
   573 | D:2      | Reached skill level 1 in Axes
   573 | D:2      | Reached skill level 1 in Maces & Flails
   573 | D:2      | Reached skill level 1 in Polearms
   573 | D:2      | Reached skill level 1 in Staves
   573 | D:2      | Reached skill level 1 in Slings
   573 | D:2      | Reached skill level 1 in Bows
   573 | D:2      | Reached skill level 1 in Crossbows
   573 | D:2      | Reached skill level 1 in Throwing
   573 | D:2      | Reached skill level 1 in Armour
   573 | D:2      | Reached skill level 1 in Shields
   573 | D:2      | Reached skill level 1 in Unarmed Combat
   573 | D:2      | Reached skill level 1 in Evocations
   573 | D:2      | Reached XP level 4. HP: 17/32 MP: 1/11
   607 | D:2      | Killed Sigmund
   607 | D:2      | Reached skill level 1 in Conjurations
   607 | D:2      | Reached skill level 1 in Hexes
   607 | D:2      | Reached skill level 1 in Charms
   607 | D:2      | Reached skill level 1 in Summonings
   607 | D:2      | Reached skill level 1 in Translocations
   607 | D:2      | Reached skill level 1 in Transmutations
   607 | D:2      | Reached skill level 1 in Fire Magic
   607 | D:2      | Reached skill level 1 in Ice Magic
   607 | D:2      | Reached skill level 1 in Air Magic
   607 | D:2      | Reached skill level 1 in Earth Magic
   607 | D:2      | Reached skill level 1 in Poison Magic
   607 | D:2      | Reached XP level 5. HP: 7/38 MP: 1/12
   607 | D:2      | Reached XP level 6. HP: 8/44 MP: 1/13
   659 | D:3      | Noticed Ijyb
   678 | D:3      | Reached skill level 2 in Invocations
   824 | D:4      | Found a glowing drain.
   843 | D:4      | Reached skill level 5 in Dodging
   851 | D:4      | Reached skill level 2 in Fighting
   851 | D:4      | Reached skill level 2 in Short Blades
   851 | D:4      | Reached skill level 2 in Long Blades
   851 | D:4      | Reached skill level 2 in Axes
   851 | D:4      | Reached skill level 2 in Maces & Flails
   851 | D:4      | Reached skill level 2 in Polearms
   851 | D:4      | Reached skill level 2 in Staves
   851 | D:4      | Reached skill level 2 in Slings
   851 | D:4      | Reached skill level 2 in Bows
   851 | D:4      | Reached skill level 2 in Crossbows
   851 | D:4      | Reached skill level 2 in Throwing
   851 | D:4      | Reached skill level 2 in Armour
   851 | D:4      | Reached skill level 2 in Shields
   851 | D:4      | Reached skill level 2 in Unarmed Combat
   851 | D:4      | Reached skill level 2 in Evocations
   860 | Sewer    | Entered a sewer
  1040 | Sewer    | Reached XP level 7. HP: 38/50 MP: 8/15
  1103 | D:4      | Found Afaezumo's General Store.
  1116 | D:4      | Bought a potion of mutation for 96 gold pieces
  1116 | D:4      | Gained mutation: You expend magic power (3 MP) to strengthen your wands. [potion of mutation]
  1116 | D:4      | Gained mutation: Your spells are a little harder to cast, but a little more powerful. [potion of mutation]
  1150 | D:5      | Entered Level 5 of the Dungeon
  1219 | D:4      | Reached skill level 2 in Conjurations
  1219 | D:4      | Reached skill level 2 in Hexes
  1219 | D:4      | Reached skill level 2 in Charms
  1219 | D:4      | Reached skill level 2 in Summonings
  1219 | D:4      | Reached skill level 2 in Translocations
  1219 | D:4      | Reached skill level 2 in Transmutations
  1219 | D:4      | Reached skill level 2 in Fire Magic
  1219 | D:4      | Reached skill level 2 in Ice Magic
  1219 | D:4      | Reached skill level 2 in Air Magic
  1219 | D:4      | Reached skill level 2 in Earth Magic
  1219 | D:4      | Reached skill level 2 in Poison Magic
  1247 | D:4      | Noticed tidbits's ghost (amateur GnSk)
  1267 | D:4      | Killed tidbits's ghost
  1267 | D:4      | Reached skill level 5 in Stealth
  1267 | D:4      | Reached skill level 3 in Invocations
  1302 | D:4      | Reached XP level 8. HP: 56/57 MP: 8/16
  1370 | D:4      | Reached skill level 3 in Fighting
  1370 | D:4      | Reached skill level 3 in Short Blades
  1370 | D:4      | Reached skill level 3 in Long Blades
  1370 | D:4      | Reached skill level 3 in Axes
  1370 | D:4      | Reached skill level 3 in Maces & Flails
  1370 | D:4      | Reached skill level 3 in Polearms
  1370 | D:4      | Reached skill level 3 in Staves
  1370 | D:4      | Reached skill level 3 in Slings
  1370 | D:4      | Reached skill level 3 in Bows
  1370 | D:4      | Reached skill level 3 in Crossbows
  1370 | D:4      | Reached skill level 3 in Throwing
  1370 | D:4      | Reached skill level 3 in Armour
  1370 | D:4      | Reached skill level 3 in Shields
  1370 | D:4      | Reached skill level 3 in Unarmed Combat
  1370 | D:4      | Reached skill level 3 in Evocations
  1404 | D:4      | Found a sand-covered staircase.
  1418 | Ossuary  | Entered an ossuary
  1436 | Ossuary  | Learned a level 5 spell: Borgnjor's Vile Clutch
  1634 | D:3      | Noticed Iko's ghost (weakling DrTm)
  1656 | D:4      | Found a bloodstained altar of Trog.
  1826 | D:5      | Reached skill level 6 in Spellcasting
  1887 | D:5      | Found an opulent altar of Gozag.
  1888 | D:5      | Found a hazy altar of Hepliaklqana.
  1889 | D:5      | Found a hide-covered altar of Uskayaw.
  1911 | D:5      | Found a sacrificial altar of Ru.
  2059 | D:6      | Found a shimmering altar of Xom.
  2180 | D:7      | Noticed a spriggan baker
  2183 | D:7      | Killed a spriggan baker
  2219 | D:7      | Noticed Duvessa
  2219 | D:7      | Noticed Dowan
  2225 | D:7      | Killed Duvessa
  2225 | D:7      | Reached skill level 3 in Conjurations
  2225 | D:7      | Reached skill level 3 in Hexes
  2225 | D:7      | Reached skill level 3 in Charms
  2225 | D:7      | Reached skill level 3 in Summonings
  2225 | D:7      | Reached skill level 3 in Translocations
  2225 | D:7      | Reached skill level 3 in Transmutations
  2225 | D:7      | Reached skill level 3 in Fire Magic
  2225 | D:7      | Reached skill level 3 in Ice Magic
  2225 | D:7      | Reached skill level 3 in Air Magic
  2225 | D:7      | Reached skill level 3 in Earth Magic
  2225 | D:7      | Reached skill level 3 in Poison Magic
  2225 | D:7      | Reached skill level 4 in Invocations
  2225 | D:7      | Reached XP level 9. HP: 65/65 MP: 14/18
  2225 | D:7      | Killed Dowan
  2225 | D:7      | Reached skill level 6 in Dodging
  2488 | D:8      | Noticed a two-headed ogre
  2492 | D:8      | Killed a two-headed ogre
  2492 | D:8      | Reached skill level 4 in Fighting
  2492 | D:8      | Reached skill level 4 in Short Blades
  2492 | D:8      | Reached skill level 4 in Long Blades
  2492 | D:8      | Reached skill level 4 in Axes
  2492 | D:8      | Reached skill level 4 in Maces & Flails
  2492 | D:8      | Reached skill level 4 in Polearms
  2492 | D:8      | Reached skill level 4 in Staves
  2492 | D:8      | Reached skill level 4 in Slings
  2492 | D:8      | Reached skill level 4 in Bows
  2492 | D:8      | Reached skill level 4 in Crossbows
  2492 | D:8      | Reached skill level 4 in Throwing
  2492 | D:8      | Reached skill level 4 in Armour
  2492 | D:8      | Reached skill level 6 in Stealth
  2492 | D:8      | Reached skill level 4 in Shields
  2492 | D:8      | Reached skill level 4 in Unarmed Combat
  2492 | D:8      | Reached skill level 8 in Necromancy
  2492 | D:8      | Reached skill level 4 in Evocations
  2568 | D:8      | Noticed sking99's ghost (novice TrMo)
  2579 | D:8      | Noticed a two-headed ogre
  2584 | D:8      | Killed a two-headed ogre
  2584 | D:8      | Reached skill level 5 in Invocations
  2599 | D:8      | Mangled by sking99's ghost

Skill      XL: |  1  2  3  4  5  6  7  8  9 |
---------------+----------------------------+-----
Spellcasting   | 5 6 |  6.9
Invocations    | 1 2 3 4 5 |  5.1
Fighting       | 1 2 3 4 |  4.6
Short Blades   | 1 2 3 4 |  4.6
Long Blades    | 1 2 3 4 |  4.6
Axes           | 1 2 3 4 |  4.6
Maces & Flails | 1 2 3 4 |  4.6
Polearms       | 1 2 3 4 |  4.6
Staves         | 1 2 3 4 |  4.6
Slings         | 1 2 3 4 |  4.6
Bows           | 1 2 3 4 |  4.6
Crossbows      | 1 2 3 4 |  4.6
Throwing       | 1 2 3 4 |  4.6
Armour         | 1 2 3 4 |  4.6
Shields        | 1 2 3 4 |  4.6
Unarmed Combat | 1 2 3 4 |  4.6
Evocations     | 1 2 3 4 |  4.6
Conjurations   | 1 2 3 |  3.8
Hexes          | 1 2 3 |  3.8
Charms         | 1 2 3 |  3.8
Summonings     | 1 2 3 |  3.8
Translocations | 1 2 3 |  3.8
Transmutations | 1 2 3 |  3.8
Fire Magic     | 1 2 3 |  3.8
Ice Magic      | 1 2 3 |  3.8
Air Magic      | 1 2 3 |  3.8
Earth Magic    | 1 2 3 |  3.8
Poison Magic   | 1 2 3 |  3.8
Dodging        | 5 6 |  6.6
Stealth        | 5 6 |  6.3
Necromancy     | 8 |  8.1

Action                   |  1- 3 |  4- 6 |  7- 9 || total
-------------------------+-------+-------+-------++-------
Melee: Dagger            |     4 |    58 |    73 ||   135
       Bite              |     1 |     4 |    23 ||    28
       Trident           |       |       |   167 ||   167
       Punch             |       |       |     4 ||     4
       Short sword       |       |       |     2 ||     2
       War axe           |       |       |     8 ||     8
 Cast: Pain              |    45 |    40 |    36 ||   121
       Regeneration      |     1 |     4 |    23 ||    28
       Vampiric Draining |       |     1 |    12 ||    13
       Animate Skeleton  |       |       |     3 ||     3
Evoke: Wand              |       |       |     6 ||     6
  Use: Potion            |     3 |     3 |     7 ||    13
       Scroll            |       |       |     8 ||     8
 Stab: Sleeping          |     1 |     1 |     9 ||    11
       Paralysed         |       |       |     3 ||     3
       Distracted        |       |       |     1 ||     1
  Eat: Chunk             |       |     1 |     4 ||     5
       Ration            |       |       |     1 ||     1
Armor: Robe              |     1 |     8 |    24 ||    33
Dodge: Dodged            |    13 |    39 |   152 ||   204

Table legend:
 A = Turns spent in this place as a percentage of turns spent in the entire game.
 B = Non-inter-level travel turns spent in this place as a percentage of non-inter-level travel turns spent in the entire game.
 C = Inter-level travel turns spent in this place as a percentage of turns spent in this place.
 D = Turns resting spent in this place as a percentage of non-inter-level travel turns spent in this place.
 E = Turns spent auto-exploring this place as a percentage of non-inter-level travel turns spent in this place.
 F = Non-inter-level travel turns spent in this place divided by the number of levels of this place that you've seen.
                   A       B       C       D       E      F
               +-------+-------+-------+-------+-------+----------------------
         Total | 100.0 | 100.0 |   0.7 |   0.0 |   0.0 | 258.0
       Dungeon |  84.9 |  84.8 |   0.9 |   0.0 |   0.0 | 273.4
         Sewer |   9.0 |   9.1 |   0.0 |   0.0 |   0.0 | 234.0
       Ossuary |   6.1 |   6.2 |   0.0 |   0.0 |   0.0 | 159.0
               +-------+-------+-------+-------+-------+----------------------

Table legend:
 A = Kills in this place as a percentage of kills in entire the game.
 B = Kills by you in this place as a percentage of kills by you in the entire game.
 C = Kills by friends in this place as a percentage of kills by friends in the entire game.
 D = Other kills in this place as a percentage of other kills in the entire game.
 E = Experience gained in this place as a percentage of experience gained in the entire game.
 F = Experience gained in this place divided by the number of levels of this place that you have seen.
                   A       B       C       D       E      F
               +-------+-------+-------+-------+-------+----------------------
         Total | 100.0 | 100.0 | 100.0 |   N/A | 100.0 | 455.9
       Dungeon |  74.0 |  73.6 | 100.0 |   N/A |  92.0 | 524.1
         Sewer |  13.7 |  14.0 |   0.0 |   N/A |   7.3 | 333.0
       Ossuary |  12.2 |  12.4 |   0.0 |   N/A |   0.7 |  33.0
               +-------+-------+-------+-------+-------+----------------------

Vault maps used:
D:1:      mainiacjoe_arrival_reflecting_pool
D:2:      first_ration, tgw_fedhas, uniq_sigmund, uniq_robin, uniq_terence
D:3:      kennysheep_pointless_box, uniq_ijyb
D:4:      lemuel_round_altar, portal_sewer_entry_a, gup_ossuary_entry_pyramid,
          serial_shops, nicolae_shop_behind_doors, lemuel_flame_loot_1
D:5:      grunt_temple_overflow_open, kennysheep_decorative_pillar,
          nicolae_ru_awakened_eye
D:6:      nicolae_overflow_hidden_temple, minmay_temple_entry_fiery
D:7:      the_bakery, uniq_duvessa
D:8:      lemuel_round_altar
Sewer:    sewer_co_15_rooms
Ossuary:  ossuary_tomb_1
